Map: Kulas Ravine

Players

Scaramanga

  • Race: Terran Terran
  • Spawn Location: 11:00

dallaskuken

  • Race: Protoss Protoss
  • League: Silver
  • Spawn Location: 1:00

FrogMint

  • Race: Zerg Zerg
  • Spawn Location: 7:00

Loken

  • Race: Zerg Zerg
  • Spawn Location: 5:00

VOD

Have the link to the VOD?

Description

Time

  • Played on: March 8, 2017, 5:57 p.m.
  • Length: 11:58
Show
View Real Time Build Order
Export as new Build Order

Scaramanga Terran 

Build Orders:  

Get SALT Encoding   

  12  0:01  SCV  
  13  0:13  SCV  
  14  0:19  Supply Depot  
  14  0:25  SCV  
  15  0:41  SCV  
  16  0:43  Barracks  
  16  0:53  SCV  
  17  1:00  Refinery  
  17  1:05  SCV  
  18  1:17  SCV  
  19  1:29  Orbital Command, Marine  
  20  1:36  Supply Depot  
  20  1:48  Marine  
  21  1:57  SCV  
  21  2:03  Command Center  
  21  2:09  SCV  
  21  2:11  Marine  
  23  2:21  SCV  
  24  2:27  Barracks  
  24  2:33  Barracks  
  24  2:36  SCV  
  25  2:45  Marine  
  25  2:48  SCV  
  27  2:56  Refinery  
  27  3:00  SCV  
  28  3:06  Marine  
  29  3:18  Barracks Tech Lab  
  29  3:19  Factory  
  29  3:20  Barracks Reactor  
  29  3:23  Orbital Command  
  29  3:33  SCV  
  30  3:38  Combat Shields  
  30  3:39  Marine x2  
  32  3:44  Orbital Command  
  32  3:46  SCV  
  33  3:57  Marine  
  33  3:58  SCV  
  35  4:04  Marine  
  35  4:05  Marauder  
  35  4:07  Factory Reactor  
  35  4:09  Starport  
  38  4:13  SCV  
  38  4:14  SCV  
  40  4:20  Supply Depot  
  40  4:25  SCV  
  40  4:26  SCV, Supply Depot  
  42  4:37  SCV  
  43  4:38  SCV  
  43  4:44  Supply Depot  
  44  4:49  SCV  
  44  4:50  SCV  
  46  4:54  Refinery, Medivac x2  
  46  4:56  Factory Tech Lab  
  50  5:00  Engineering Bay  
  50  5:01  SCV  
  50  5:03  SCV  
  52  5:07  Refinery, Supply Depot  
  52  5:10  Marauder, Marine x2  
  52  5:14  Barracks Reactor, SCV  
  57  5:24  Viking, Medivac  
  61  5:32  SCV x2  
  63  5:38  Terran Infantry Weapons Level 1  
  63  5:44  SCV x2  
  65  5:56  SCV x2  
  67  6:08  SCV x2  
  69  6:12  Command Center  
  69  6:14  Barracks  
  67  6:24  Barracks  
  65  6:26  Barracks  
  65  6:45  SCV x2  
  67  6:47  Marauder, Marine x4  
  67  6:49  Siege Tank  
  76  6:56  Supply Depot  
  76  6:57  SCV x2  
  76  7:01  Supply Depot  
  68  7:08  Medivac  
  68  7:09  SCV, Medivac  
  68  7:11  Marine  
  68  7:12  Marine x4  
  77  7:15  Barracks Reactor  
  77  7:16  Barracks Tech Lab  
  77  7:18  Supply Depot  
  77  7:21  Siege Tank  
  80  7:27  Supply Depot  
  80  7:29  Marine  
  81  7:32  Barracks Reactor  
  81  7:38  Medivac  
  81  7:39  Medivac  
  81  7:41  Supply Depot  
  85  7:47  Stimpack  
  85  7:51  Concussive Shells  
  85  8:03  Supply Depot  
  85  8:16  Marauder x2, Marine x4  
  85  8:17  Marine x4  
  97  8:33  Marine  
  97  8:34  Marine x4  
  98  8:35  Orbital Command  
  98  8:38  Marauder x2, SCV x2  
  108  8:50  SCV x2  
  110  8:58  Marine  
  110  8:59  Marauder x2, Marine x4  
  110  9:00  Marine x3  
  110  9:02  SCV x2  
  124  9:08  Refinery  
  124  9:14  SCV x2  
  124  9:16  Marine x2, Supply Depot  
  124  9:17  Marine x3  
  128  9:18  Engineering Bay  
  128  9:19  Supply Depot  
  128  9:20  Marauder x2, Refinery, Armory x2, SCV  
  128  9:22  Marine x3  
  139  9:26  SCV  
  137  9:42  Marauder x2  
  135  10:03  Marauder x2  
  138  10:20  Marine x3  
  140  10:24  Marauder, Missile Turret  
  140  10:25  Marauder  
  133  10:28  Marine  
  133  10:29  Marine x4  
  135  10:38  Marine x3  
  132  10:45  Marine  
  132  10:46  Marauder, Marine x2  
  132  10:47  Marine x3  
  140  10:55  Marine  
  140  10:56  Marine x2  
  143  10:57  Siege Tank  
  143  11:03  Marine  
  147  11:04  Marine x2  
  147  11:05  Marine x3  
  147  11:07  Marauder  
  154  11:13  Marine  
  154  11:17  SCV x2  
  157  11:33  SCV  
Show
View Real Time Build Order
Export as new Build Order

dallaskuken Protoss 

Build Orders:  

Get SALT Encoding   

  12  0:01  Probe (Chrono Boost)  
  13  0:12  Probe (Chrono Boost)  
  14  0:26  Pylon, Probe (Chrono Boost)  
  15  0:44  Probe (Chrono Boost)  
  16  0:54  Probe (Chrono Boost)  
  17  1:05  Probe (Chrono Boost)  
  18  1:15  Probe (Chrono Boost)  
  19  1:26  Probe (Chrono Boost)  
  19  1:31  Nexus  
  20  1:36  Probe (Chrono Boost)  
  21  1:41  Gateway  
  21  1:44  Pylon  
  21  1:47  Probe (Chrono Boost)  
  23  2:01  Probe (Chrono Boost)  
  23  2:05  Assimilator  
  23  2:27  Pylon  
  23  2:43  Probe (Chrono Boost)  
  24  2:46  Cybernetics Core  
  24  2:48  Probe (Chrono Boost)  
  25  2:54  Probe (Chrono Boost)  
  25  2:55  Pylon  
  25  2:58  Pylon, Probe (Chrono Boost)  
  27  3:04  Gateway, Probe (Chrono Boost)  
  28  3:09  Assimilator, Probe (Chrono Boost)  
  28  3:11  Assimilator  
  29  3:13  Assimilator  
  29  3:15  Probe (Chrono Boost)  
  29  3:16  Zealot  
  29  3:18  Pylon  
  29  3:19  Probe (Chrono Boost)  
  33  3:25  Probe (Chrono Boost)  
  34  3:30  Probe (Chrono Boost)  
  35  3:36  Probe (Chrono Boost)  
  35  3:40  Probe (Chrono Boost)  
  35  3:41  Warp Gate  
  37  3:47  Probe (Chrono Boost)  
  38  3:50  Gateway  
  38  3:51  Gateway, Probe (Chrono Boost)  
  38  3:53  Gateway  
  39  3:59  Probe (Chrono Boost)  
  39  4:02  Pylon  
  40  4:09  Probe (Chrono Boost)  
  43  4:12  Mothership Core (Chrono Boost)  
  32  4:38  Stalker  
  32  4:42  Stalker  
  37  4:53  Probe (Chrono Boost)  
  37  5:03  Probe (Chrono Boost)  
  38  5:08  Zealot x3  
  38  5:14  Probe (Chrono Boost)  
  45  5:16  Stalker  
  45  5:19  Twilight Council  
  45  5:20  Stalker  
  49  5:24  Probe (Chrono Boost)  
  50  5:35  Stalker, Probe (Chrono Boost)  
  53  5:39  Pylon  
  44  5:58  Stalker  
  44  5:59  Stalker  
  44  6:01  Probe (Chrono Boost)  
  49  6:10  Probe (Chrono Boost)  
  50  6:12  Probe (Chrono Boost)  
  51  6:22  Probe x2 (Chrono Boost)  
  54  6:33  Probe (Chrono Boost)  
  54  6:34  Probe (Chrono Boost)  
  54  6:36  Stalker x2  
  54  6:38  Stalker x2  
  63  6:43  Probe (Chrono Boost)  
  63  6:45  Stalker  
  63  6:46  Probe (Chrono Boost)  
  68  6:54  Probe (Chrono Boost)  
  68  6:58  Probe (Chrono Boost)  
  69  7:04  Probe (Chrono Boost)  
  68  7:23  Stalker x4  
  68  7:24  Stalker  
  78  7:40  Pylon  
  78  7:42  Pylon  
  76  7:45  Pylon  
  50  8:40  Stalker  
  50  8:41  Stalker x4  
  48  9:09  Stalker x2  
  52  9:10  Stalker x3  
  52  9:11  Gateway  
  52  9:13  Gateway  
  52  9:15  Gateway  
  58  9:19  Gateway  
  58  9:21  Probe (Chrono Boost)  
  58  9:23  Gateway  
  59  9:32  Probe (Chrono Boost)  
  59  9:37  Stalker  
  60  9:38  Stalker  
  60  9:39  Stalker  
  28  10:07  Stalker  
Show
View Real Time Build Order
Export as new Build Order

FrogMint Zerg 

Build Orders: Pool First 

Get SALT Encoding   

  12  0:08  Overlord  
  12  0:13  Drone  
  13  0:18  Drone  
  14  0:24  Drone, Extractor  
  14  0:35  Drone  
  15  0:46  Spawning Pool  
  14  0:51  Drone  
  15  0:57  Drone  
  15  1:03  Drone  
  17  1:30  Hatchery  
  16  1:39  Queen  
  18  1:44  Drone  
  19  1:56  Drone x2  
  21  2:02  Metabolic Boost  
  21  2:10  Overlord  
  21  2:14  Drone  
  22  2:30  Zergling x4  
  24  2:37  Queen  
  24  2:41  Drone  
  27  2:49  Zergling x4  
  29  3:03  Queen  
  29  3:04  Drone x2  
  33  3:16  Zergling x8  
  35  3:20  Drone  
  35  3:24  Extractor  
  35  3:27  Zergling x2  
  35  3:31  Overlord  
  35  3:45  Spine Crawler  
  34  3:49  Drone x4  
  37  4:12  Zergling x6  
  40  4:20  Roach Warren  
  37  4:49  Drone  
  37  4:50  Drone, Lair  
  39  4:58  Zergling x6, Overlord x3  
  42  5:22  Roach x3  
  42  5:23  Roach x3  
  42  5:26  Drone  
  42  5:27  Drone x2  
  57  5:39  Roach x2  
  61  5:51  Roach x2  
  61  5:52  Roach  
  66  5:58  Spire  
  66  5:59  Roach  
  66  6:00  Roach x2  
  63  6:04  Roach  
  63  6:05  Overseer  
  63  6:14  Roach x2  
  67  6:21  Overlord x2  
  67  6:22  Overlord  
  61  6:42  Roach x2  
  61  6:43  Roach  
  65  6:52  Roach x2  
  69  6:59  Roach x4  
  69  7:00  Roach  
  53  7:23  Mutalisk x2  
  57  7:32  Spine Crawler  
  57  7:33  Spine Crawler  
  57  7:35  Spine Crawler  
  52  7:39  Roach x4  
  58  7:50  Roach x2  
  50  7:58  Zergling x6  
  44  8:07  Roach  
  44  8:08  Zergling x2  
  35  8:20  Zergling x2  
  35  8:23  Zergling x6  
  38  8:29  Roach  
  35  8:46  Zergling x4  
  35  8:59  Drone x3  
  38  9:15  Queen  
  40  9:21  Spore Crawler  
  34  9:42  Roach, Zergling x8  
  30  10:10  Zergling x2  
  30  10:11  Zergling x4  
  31  10:28  Zergling x4  
  31  10:29  Zergling x2  
  34  10:35  Hatchery  
Show
View Real Time Build Order
Export as new Build Order

Loken Zerg 

Build Orders: Hatch First 

Get SALT Encoding   

  12  0:01  Drone  
  13  0:09  Drone  
  14  0:18  Overlord  
  14  0:47  Drone  
  14  0:48  Hatchery  
  14  0:51  Drone  
  14  0:55  Drone  
  16  1:00  Drone  
  17  1:15  Spawning Pool  
  16  1:18  Drone  
  17  1:26  Drone  
  18  1:35  Drone  
  19  1:41  Drone, Extractor  
  19  1:58  Drone  
  20  2:03  Drone x2  
  22  2:09  Queen  
  22  2:10  Queen  
  22  2:13  Overlord  
  26  2:21  Roach Warren  
  25  2:25  Zergling x2  
  25  2:29  Zergling x2  
  28  2:30  Zergling x2  
  28  2:34  Spine Crawler  
  28  2:36  Drone  
  28  2:41  Drone  
  29  2:45  Drone x2  
  31  2:57  Drone  
  31  2:58  Drone  
  33  3:05  Lair  
  33  3:13  Extractor  
  33  3:14  Overlord  
  29  3:27  Roach  
  29  3:28  Roach x2, Zergling x2  
  29  3:30  Overlord  
  36  3:48  Drone  
  36  3:49  Drone x5  
  42  3:56  Zergling x2  
  42  3:57  Zergling x4  
  42  3:58  Overlord  
  42  4:02  Drone x2  
  47  4:08  Glial Reconstitution  
  47  4:28  Metabolic Boost  
  47  4:33  Zergling x16  
  47  4:34  Zergling x4  
  47  5:02  Zergling x2  
  47  5:03  Zergling x18  
  57  5:08  Extractor  
  56  5:16  Spire  
  56  5:20  Evolution Chamber  
  54  5:23  Drone, Evolution Chamber  
  54  5:24  Drone x3  
  57  5:30  Burrow  
  57  5:33  Drone  
  57  5:34  Drone x2, Overlord  
  57  5:35  Overlord  
  46  6:06  Roach x6  
  52  6:13  Zergling x2  
  52  6:14  Zergling x10  
  45  6:44  Zergling x2  
  45  6:45  Zergling x8  
  30  7:10  Drone  
  30  7:11  Drone x4  
  34  7:30  Queen  
  34  7:32  Drone x9  
  42  7:50  Hatchery  
  40  8:06  Drone  
  40  8:07  Drone x7  
  48  8:18  Infestation Pit  
  47  8:21  Tunneling Claws  
  47  8:38  Extractor  
  47  8:41  Mutalisk x7  
  60  8:58  Zerg Melee Weapons Level 1  
  60  8:59  Zerg Missile Weapons Level 1  
  60  9:04  Zergling x2  
  60  9:05  Zergling x16  
  69  9:33  Zergling x2  
  69  9:34  Zergling x20  
  59  10:12  Drone x3  
  59  10:13  Drone x6  
  67  10:16  Extractor  
  59  10:53  Zergling x18  
  52  11:31  Zergling x8  
  52  11:32  Zergling x4  
Tags
 
Add a new tag
Caveats
  • Supply blocks, unpowered buildings, or Contaminate may cause inaccurate times.
  • Supply counts are checked every 10 seconds.